 Dungeon Crawl Stone Soup version 0.23-a0-586-gacb4b3f (webtiles) character file.

264 Inarius the Chopper (level 5, 0/42 HPs)
             Began as a Demonspawn Chaos Knight on Dec 18, 2018.
             Was a Plaything of Xom.
             Slain by an orc
             ... wielding a +0 trident
              (8 damage)
             ... on level 3 of the Dungeon.
             The game lasted 00:04:32 (2600 turns).

Inarius the Chopper (Demonspawn Chaos Knight)       Turns: 2600, Time: 00:04:33

Health: 0/42       AC:  6    Str: 12 (13) XL:     5   Next: 98%
Magic:  5/5        EV: 17    Int: 16 (18) God:    Xom [...*..]
Gold:   84         SH:  0    Dex: 18 (20) Spells: 4/4 levels left

rFire    + . .     SeeInvis .   a - +0 hand axe (chaos)
rCold    . . .     Gourm    .   (no shield)
rNeg     . . .     Faith    .   h - +2 leather armour
rPois    .         Spirit   .   (helmet restricted)
rElec    .         Reflect  .   (no cloak)
rCorr    .         Harm     .   (no gloves)
MR       .....                  o - +0 pair of boots
Stlth    +++.......             (no amulet)
HPRegen  0.14/turn              (no ring)
MPRegen  0.09/turn              (no ring)

@: brilliant, agile
A: antennae 1, thin skeletal structure 1, fire resistance 1, flame cloud
immunity
a: Renounce Religion


You were on level 3 of the Dungeon.
You worshipped Xom.
You were a favourite toy of Xom.
You were hungry.

You visited 1 branch of the dungeon, and saw 3 of its levels.

You collected 84 gold pieces.

Inventory:

Hand Weapons
 a - a +0 hand axe of chaos (weapon)
 b - a +0 dagger
Missiles
 q - a throwing net (quivered)
Armour
 h - a +2 leather armour (worn)
 i - a +0 plate armour
 o - a +0 pair of boots (worn)
Wands
 d - a wand of flame (21)
Scrolls
 e - 2 scrolls of blinking {unknown}
 f - a scroll of random uselessness {unknown}
 g - a scroll of enchant weapon {unknown}
 j - a scroll of immolation {unknown}
 m - 2 scrolls of identify {unknown}
 n - a scroll of fear {unknown}
 t - a scroll of amnesia {unknown}
Potions
 k - a potion of degeneration
Comestibles
 c - 2 rations
 s - 8 chunks of flesh


   Skills:
 + Level 3.8 Fighting
 + Level 0.1 Short Blades
 + Level 4.3 Axes
 + Level 2.6 Armour
 + Level 1.9 Dodging
 + Level 1.8 Stealth
 * Level 0.9 Evocations


You had 4 spell levels left.
You didn't know any spells.
Your spell library was empty.

Dungeon Overview and Level Annotations

Branches:
Dungeon (3/15)

Altars:
Sif Muna
Xom

Annotations:
D:3 Terence


Innate Abilities, Weirdness & Mutations

You have a pair of small antennae on your head.
You have a somewhat thin skeletal structure. (Dex +2, Stealth)
Your flesh is heat resistant. (rF+)
You are immune to clouds of flame.


Message History

Something hits you but does no damage.
You hit something but do no damage.
You feel less wooden.
Your +0 pair of boots unmelds from your body.
Your +2 leather armour unmelds from your body.
The orc hits you from afar with a +0 trident.
* * * LOW HITPOINT WARNING * * *
Something hits you.
* * * LOW HITPOINT WARNING * * *
Evoke which item? (* to show all) (? for menu, Esc to quit)
You don't have any such object.
Evoke which item? (* to show all) (? for menu, Esc to quit)
Huh?
Evoke which item? (* to show all) (? for menu, Esc to quit)
Okay, then.
Unknown command.
You hit something but do no damage. Something hits you but does no damage.
The orc hits you from afar with a +0 trident!
You die... "What!?
That's it?"

.........#
.........#
...%.....#
.........#
.........######
......)....b...
w .......ob#
########{# o
#@# o #5# ... o
#.## ...
#####..# #'#
#......# #.#
#......###.#
#.......##.#
#.......##)#
#....รท...#.#


You could see an orc, a bat and a friendly ufetubus.

Vanquished Creatures
  An ogre (D:2)
  Natasha (D:3)
  6 gnolls
  An adder (D:3)
  4 oozes
  A dart slug (D:1)
  4 leopard geckos
  2 orcs (D:3)
  A ball python (D:3)
  2 giant cockroaches (D:1)
  7 goblins
  10 hobgoblins
  3 jackals (D:2)
  7 bats
  2 frilled lizards
  8 kobolds
  7 rats
67 creatures vanquished.

Notes
Turn   | Place    | Note
-------+----------+-------------------------------------------
     0 | D:1      | Inarius the Demonspawn Chaos Knight began the quest for the
                  | Orb.
     0 | D:1      | Reached XP level 1. HP: 18/18 MP: 1/1
    36 | D:1      | Reached skill level 3 in Axes
    46 | D:1      | XOM: divination: magic mapping
   202 | D:1      | Gained mutation: You have a somewhat thin skeletal
                  | structure. (Dex +2, Stealth) [demonic ancestry]
   202 | D:1      | Reached XP level 2. HP: 24/24 MP: 2/2
   204 | D:1      | Reached skill level 1 in Dodging
   234 | D:1      | XOM: harmless Tmut miscast
   582 | D:1      | XOM: harmless Fire miscast
   583 | D:1      | Gained mutation: You have a pair of small antennae on your
                  | head. [demonic ancestry]
   583 | D:1      | Reached XP level 3. HP: 29/29 MP: 3/3
   835 | D:1      | Found a shimmering altar of Xom.
  1041 | D:2      | XOM: divination: detect creatures
  1119 | D:2      | XOM: confuse monster(s)
  1307 | D:1      | XOM: harmless Chrm miscast
  1330 | D:1      | XOM: medium Air miscast
  1415 | D:1      | XOM: cloud trail
  1418 | D:2      | Reached skill level 1 in Stealth
  1418 | D:2      | Gained mutation: Your flesh is heat resistant. (rF+)
                  | [demonic ancestry]
  1418 | D:2      | Reached XP level 4. HP: 25/35 MP: 4/4
  1622 | D:2      | Noticed an ogre
  1630 | D:2      | Killed an ogre
  1630 | D:2      | Reached skill level 4 in Axes
  1630 | D:2      | Gained mutation: You are immune to clouds of flame.
                  | [demonic ancestry]
  1630 | D:2      | Reached XP level 5. HP: 42/42 MP: 5/5
  1736 | D:2      | XOM: mild Chrm miscast
  1987 | D:2      | Found a deep blue altar of Sif Muna.
  2035 | D:2      | XOM: divination: detect creatures
  2222 | D:3      | XOM: divination: detect creatures
  2406 | D:3      | XOM: summons 1 friendly demon
  2571 | D:3      | Noticed Natasha
  2571 | D:3      | Noticed Terence
  2582 | D:3      | XOM: summons friendly ufetubus
  2588 | D:3      | Killed Natasha
  2600 | D:3      | Slain by an orc

Vault maps used:
D:1:      arrival_zaba_pyramid, minmay_splitting_lines, xom_teletrap_fun
D:2:      overflow_temple_1_default, first_ration, minmay_statues_item
D:3:      uniq_natasha, uniq_terence

Skill      XL: |  1  2  3  4 |
---------------+-------------+-----
Axes           | 3 4 |  4.3
Dodging        | 1 |  1.9
Armour         | 2 |  2.6
Stealth        | 1 |  1.8
Fighting       | |  3.8
Short Blades   | |  0.1
Evocations     | |  0.9

Action                   |  1- 3 |  4- 6 || total
-------------------------+-------+-------++-------
Melee: Hand axe          |    99 |   105 ||   204
       Dagger            |     9 |       ||     9
Evoke: Wand              |     1 |     5 ||     6
  Use: Potion            |       |     5 ||     5
 Stab: Distracted        |     1 |       ||     1
       Sleeping          |     1 |     1 ||     2
       Confused          |       |     1 ||     1
  Eat: Chunk             |     1 |     4 ||     5
Armor: Leather armour    |    44 |    25 ||    69
       Skin              |       |    28 ||    28
Dodge: Dodged            |    58 |    65 ||   123

Table legend:
 A = Non-vault XP
 B = Vault XP
 C = Vault XP percentage of total XP
 D = Non-vault monster count
 E = Vault monster count
 F = Vault count percentage of total count
                 A         B        C        D         E       F
            +---------+---------+-------+---------+---------+-------
      Total |     343 |      35 |   9.3 |      66 |       1 |   1.5
            +---------+---------+-------+---------+---------+-------
        D:1 |      59 |       0 |   0.0 |      30 |       0 |   0.0
        D:2 |     221 |       0 |   0.0 |      21 |       0 |   0.0
        D:3 |      63 |      35 |  35.7 |      15 |       1 |   6.2
            +---------+---------+-------+---------+---------+-------
